 Dungeon Crawl Stone Soup version 0.28-a0-691-gad6df49e81 (webtiles) character file.

Game seed: 2315566022688154098

1187 timneilson the Covered (level 8, -4/48 HPs)
             Began as a Gargoyle Fighter on Oct 21, 2021.
             Slain by an ogre (12 damage)
             ... on level 6 of the Dungeon.
             The game lasted 00:19:33 (6828 turns).

timneilson the Covered (Gargoyle Fighter)           Turns: 6828, Time: 00:19:34

Health: -4/48      AC: 16    Str: 22    XL:     8   Next: 43%
Magic:  8/8        EV:  7    Int:  9    God:
Gold:   165        SH:  9    Dex:  9    Spells: 7/7 levels left

rFire   . . .      SeeInvis .   a - +0 long sword
rCold   . . .      Faith    .   h - +0 kite shield
rNeg    + . .      Spirit   .   g - +1 chain mail
rPois   ∞          Reflect  .   (no helmet)
rElec   +          Harm     .   (no cloak)
rCorr   .          Rampage  .   (no gloves)
Will    .....                   (no boots)
Stlth   ..........              (no amulet)
HPRegen 0.16/turn               (no ring)
MPRegen 0.11/turn               (no ring)

@: no status effects
A: sickness immunity, AC +5, negative energy resistance 1, electricity
resistance, torment resistance 1, petrification resistance
a: no special abilities


You were on level 6 of the Dungeon.
You visited 1 branch of the dungeon, and saw 6 of its levels.
You also visited: Sewer.

You collected 210 gold pieces.
You spent 45 gold pieces at shops.

Inventory:

Hand Weapons
 a - a +0 long sword (weapon)
Armour
 g - a +1 chain mail (worn)
 h - a +0 kite shield (worn)
 k - a +0 plate armour
Wands
 n - a wand of paralysis (9)
Scrolls
 c - a scroll of amnesia
 d - a scroll of silence
Potions
 b - a potion of brilliance
 e - a potion of cancellation
 f - a potion of magic {unknown}
 i - 2 potions of flight
 j - a potion of haste {unknown}
 l - a potion of curing {unknown}
 o - a potion of heal wounds
 p - a potion of resistance {unknown}


   Skills:
 + Level 4.8 Fighting
 * Level 4.6 Long Blades
 * Level 6.2 Armour
 + Level 2.3 Dodging
 * Level 6.1 Shields
 + Level 1.8 Evocations


You had 7 spell levels left.
You didn't know any spells.
Your spell library contained the following spells:

 Spells                   Type           Power      Damage    Failure   Level
 Sting                    Tmut/Pois      0%         1d3       100%        1
 Slow                     Hex            0%         N/A       100%        2
 Confusing Touch          Hex            0%         N/A       100%        3
 Summon Guardian Golem    Hex/Summ       0%         N/A       100%        3
 Yara's Violent Unravell  Hex/Tmut       0%         3d3       100%        5
 Orb of Destruction       Conj           0%         N/A       100%        7
 Spellforged Servitor     Conj/Summ      0%         N/A       100%        7


Dungeon Overview and Level Annotations

Branches:
Dungeon (6/15)              Sewer (visited)
 Temple: D:4-7

Altars:
Dithmenos
Yredelemnul

Shops:
D:2 :   D:3 [


Innate Abilities, Weirdness & Mutations

You are immune to sickness and miasma.
Your stone body is resilient. (AC +5)
You are immune to poison.
You resist negative energy. (rN+)
You are resistant to electric shocks. (rElec)
You are resistant to unholy torment.
You are immune to petrification.


Message History

There is a stone staircase leading down here.
You climb downwards.
Found a smoking silver ring and 6 gold pieces.
There is a stone staircase leading up here.
m - the ring "Tuejatidd" {Str-5 Int+4 Dex+6 Stlth+} You drop the ring "Tuejatidd" {Str-5 Int+4 Dex+6 Stlth+}.
Found 11 gold pieces.
You now have 165 gold pieces (gained 6).
Found 23 stones.
An ice beast comes into view.
Found 7 gold pieces.
An ogre comes into view. It is wielding a +0 giant club.
You block the ice beast's attack.
You hit the ice beast.
The ice beast is lightly wounded.
The ice beast hits you but does no damage.
You hit the ice beast.
The ice beast is moderately wounded.
The ice beast hits you but does no damage.
You slash the ice beast!
The ice beast is severely wounded.
The ice beast closely misses you. The ice beast hits you.
The ice beast freezes you!
You hit the ice beast but do no damage.
The ice beast is severely wounded.
The ogre hits you with a +0 giant club. The ice beast barely misses you.
You slash the ice beast!
You kill the ice beast!
The ogre hits you with a +0 giant club!
You hit the ogre.
The ogre is lightly wounded.
The ogre hits you with a +0 giant club.
You slash the ogre!
The ogre is heavily wounded.
The ogre hits you with a +0 giant club!
* * * LOW HITPOINT WARNING * * *
You barely miss the ogre.
The ogre is heavily wounded.
The ogre hits you with a +0 giant club!
You die...

#.# #..# ..# #.$#
#..# # #... . #..
##. #..#.#
#.##.##.######.....
.............O#.####
##.........@$......
#..............####
#..#.............#
#..............#
#...............#
#<=..............
#..........(.....
#.......####.....
...######


You could see an ogre.

Vanquished Creatures
  Prince Ribbit (D:5)
  Menkaure (D:5)
  An orc warrior (D:4)
  An ice beast (D:6)
  An ogre (D:5)
  A kobold brigand (Sewer)
  2 hounds
  A jelly (D:5)
  A centaur skeleton (D:5)
  5 orc wizards
  3 gnolls (D:5)
  2 howler monkey skeletons (D:5)
  6 adders
  2 river rats
  2 white imps (D:5)
  2 worms (D:2)
  3 dart slugs
  22 orcs
  8 ball pythons
  4 bats
  7 endoplasms
  7 giant cockroaches
  11 goblins
  9 hobgoblins
  12 jackals
  4 quokkas
  4 frilled lizards
  14 kobolds
  12 rats
149 creatures vanquished.

Vanquished Creatures (others)
  A fungus (D:3)
1 creature vanquished.

Grand Total: 150 creatures vanquished

Notes
Turn   | Place    | Note
-------+----------+-------------------------------------------
     0 | D:1      | timneilson the Gargoyle Fighter began the quest for the
                  | Orb.
     0 | D:1      | Reached XP level 1. HP: 14/14 MP: 1/1
   267 | D:1      | Reached XP level 2. HP: 19/19 MP: 2/2
   472 | D:1      | Reached XP level 3. HP: 20/23 MP: 3/3
  1072 | D:2      | Reached XP level 4. HP: 16/28 MP: 4/4
  1828 | D:2      | Found Etaonep's Book Boutique.
  2033 | D:3      | Reached XP level 5. HP: 11/33 MP: 5/5
  2245 | D:3      | Found a faded altar of an unknown god.
  2253 | D:3      | Got Plato's Compendium of Venom
  2294 | D:3      | Found Ogis's Armour Emporium.
  2301 | D:3      | Bought a +0 kite shield for 45 gold pieces
  2405 | D:3      | Found a glowing drain.
  2431 | Sewer    | Entered a sewer
  2442 | Sewer    | Reached skill level 1 in Dodging
  2620 | Sewer    | Noticed a kobold brigand
  2672 | Sewer    | Killed a kobold brigand
  2673 | Sewer    | Reached XP level 6. HP: 23/38 MP: 6/6
  2876 | Sewer    | Found a white marble altar of Elyvilon.
  4299 | D:4      | Found a basalt altar of Yredelemnul.
  4490 | D:5      | Entered Level 5 of the Dungeon
  4540 | D:5      | Reached skill level 5 in Armour
  4555 | D:5      | Noticed Menkaure
  4575 | D:5      | Killed Menkaure
  4576 | D:5      | Reached skill level 5 in Shields
  4576 | D:5      | Reached XP level 7. HP: 11/43 MP: 7/7
  4849 | D:5      | Noticed Prince Ribbit
  4855 | D:5      | HP: 2/43 [Prince Ribbit (1)]
  4861 | D:5      | HP: 1/43 [Prince Ribbit (10)]
  5327 | D:5      | Reached skill level 1 in Evocations
  5447 | D:5      | Found a shadowy altar of Dithmenos.
  5842 | D:5      | Killed Prince Ribbit
  5843 | D:5      | Reached XP level 8. HP: 18/48 MP: 8/8
  6808 | D:6      | Identified the ring "Tuejatidd" {Str-5 Int+4 Dex+6 Stlth+}
  6828 | D:6      | Slain by an ogre

Illustrated notes

Levels and vault maps discovered:
D:1:      roderic_dead_forest, layout_basic
D:2:      minmay_recursive_quarters, layout_loops_ring, serial_shops,
          nicolae_lakefront_shop
D:3:      layout_loops_corners, portal_sewer_entry_a, serial_shops, shop,
          shapermc_ecumenical_altar_rom_forum
D:4:      layout_gridville, mainiacjoe_overflow_surrounded_room,
          dk_noncrumbling_4, minmay_cupped
D:5:      layout_cave_pods, mainiacjoe_overflow_chevrons, uniq_prince_ribbit1,
          uniq_menkaure
D:6:      layout_rooms, trog_hazing_becter, minmay_parallelograms, uniq_sigmund

Skill      XL: |  1  2  3  4  5  6  7  8 |
---------------+-------------------------+-----
Long Blades    | 2 3 4 |  4.6
Armour         | 4 5 6 |  6.2
Shields        | 4 5 6 |  6.1
Dodging        | 1 2 |  2.3
Fighting       | 4 |  4.8
Evocations     | 1 |  1.8

Action                   |  1- 3 |  4- 6 |  7- 9 || total
-------------------------+-------+-------+-------++-------
Melee: Long sword        |   144 |   364 |   146 ||   654
  Use: Scroll            |     2 |     6 |     1 ||     9
       Potion            |       |     1 |     3 ||     4
Armor: Scale mail        |    51 |       |       ||    51
       Chain mail        |    35 |   223 |    93 ||   351
Dodge: Dodged            |    77 |   102 |    56 ||   235
Block: Buckler           |    37 |    34 |       ||    71
       Kite shield       |       |   106 |    89 ||   195

Table legend: (Time is in decaauts)
 A = Elapsed time spent in this place.
 B = Non-inter-level travel time spent in this place.
 C = Inter-level travel time spent in this place.
 D = Time resting spent in this place.
 E = Time spent auto-exploring this place.
 F = Levels seen in this place.
 G = Mean time per level.
                   A        B        C        D        E       F      G
               +--------+--------+--------+--------+--------+-----+--------+
         Total |   7129 |   7007 |    122 |    588 |   4247 |   7 | 1018.4 |
       Dungeon |   6532 |   6410 |    122 |    462 |   3972 |   6 | 1088.7 |
         Sewer |    596 |    596 |      0 |    126 |    274 |   1 |  596.0 |
               +--------+--------+--------+--------+--------+-----+--------+

Top non-repeatable levels by time:
     D:5: 1861 daAuts
     D:4: 1471 daAuts
     D:3: 1179 daAuts
     D:2: 1025 daAuts
     D:1: 972 daAuts
   Sewer: 596 daAuts
     D:6: 23 daAuts
